 Dungeon Crawl Stone Soup version 0.17-a0-968-gf8e1f1d (webtiles) character file.

144151 inmateoo the Bewitcher (level 16, -2/118 HPs)
             Began as a Vampire Enchanter on May 9, 2015.
             Was a High Priest of Okawaru.
             Killed from afar by a thorn hunter (25 damage)
             ... with a volley of thorns
             ... on level 2 of the Swamp on May 10, 2015.
             The game lasted 01:32:05 (32722 turns).

inmateoo the Bewitcher (Vampire Enchanter)         Turns: 32722, Time: 01:32:05

Health: -2/118     AC: 21    Str:  7    XL:     16   Next: 84%
Magic:  27/33      EV: 20    Int: 24    God:    Okawaru [*****.]
Gold:   3279       SH:  9    Dex: 18    Spells: 9 memorised, 4 levels left

rFire  + + +     SeeInvis +     U - +4 rod of the swarm (5/10)
rCold  + . .     Clarity  .     s - +2 steam dragon armour
rNeg   + + +     SustAb   .     C - +0 shield {reflect}
rPois  +         Gourm    .     b - +1 hat {Int+3}
rElec  +         Spirit   .     g - +2 cloak of Lies {rElec rF+++ rC-}
rCorr  +         Warding  .     m - +0 pair of gloves
rMut   .         Stasis   .     N - +0 pair of boots
MR     +....                    D - amulet of resist corrosion
Stlth  ++++++++..               r - ring of protection from fire
                                Q - ring of wizardry

@: icy armour, very slightly contaminated, regenerating slowly, invisible,
somewhat resistant to hostile enchantments, extraordinarily stealthy
A: fangs 3, repulsion field 1, see invisible, high mp 1, mutation resistance 1,
unbreathing
a: Bat Form, Heroism, Finesse, Renounce Religion


You were on level 2 of the Swamp.
You worshipped Okawaru.
Okawaru was extremely pleased with you.
You were near bloodless.

You visited 7 branches of the dungeon, and saw 34 of its levels.
You also visited: Labyrinth, Trove, Sewer and Ossuary.

You collected 3591 gold pieces.
You spent 312 gold pieces at shops.

Inventory:

Hand weapons
 o - a +2 dagger of electrocution
 M - a +7 quick blade of flaming
Missiles
 q - 6 throwing nets (quivered)
Armour
 b - a +1 hat of intelligence (worn)
 g - the +2 cloak of Lies (worn) {rElec rF+++ rC-}
   (You bought it in a shop on level 4 of the Orcish Mines)

   It renders you almost immune to fire.
   It makes you vulnerable to cold.
   It insulates you from electricity.
 m - a +0 pair of gloves (worn)
 s - a +2 steam dragon armour (worn)
 C - a +0 shield of reflection (worn)
 N - a +0 pair of boots (worn)
Magical staves
 e - an uncursed staff of death
 V - an uncursed staff of power
Rods
 T - a +7 lightning rod (14/14)
   (You found it in a labyrinth)
 U - a +4 rod of the swarm (5/10) (weapon)
   (You found it in a labyrinth)
Jewellery
 n - an uncursed ring of magical power
 r - a ring of protection from fire (right hand)
 w - an uncursed ring of fire
 D - an amulet of resist corrosion (around neck)
 Q - a ring of wizardry (left hand)
Magical devices
 c - a wand of teleportation (4)
 y - a wand of hasting (2)
 A - a wand of digging (8)
 G - a wand of cold (10)
 H - a wand of heal wounds (3)
 I - a wand of enslavement (7)
 L - a wand of disintegration (8)
 R - a wand of draining (8)
Scrolls
 a - 4 scrolls of fear
 d - 6 scrolls of teleportation
 h - 4 scrolls of magic mapping
 t - 12 scrolls of remove curse
 u - 2 scrolls of blinking
 v - 6 scrolls of fog
 x - 6 scrolls of amnesia
 E - 5 scrolls of identify
 F - a scroll of summoning
 Y - 8 scrolls of recharging
Potions
 f - 8 potions of brilliance
 i - a potion of cancellation
 j - 3 potions of magic
 k - 12 potions of curing
 l - 2 potions of might
 p - 5 potions of haste
 z - 3 potions of flight
 B - 2 potions of invisibility
 Z - 3 potions of resistance
Books
 J - the Compendium of Malediction
   (You found it on level 2 of the Elven Halls)

   Spells                             Type                      Level
   a - Corona                         Hexes                        1
   b - Summon Guardian Golem          Hexes/Summoning              3
   c - Gell's Gravitas                Hexes/Translocation          3
 X - Sif Muna's Handbook of Curses
   (You found it in a treasure trove)

   Spells                             Type                      Level
   a - Dazzling Spray                 Conjuration/Hexes            3
   b - Leda's Liquefaction            Hexes/Earth                  4
   c - Silence                        Hexes/Air                    5
   d - Discord                        Hexes                        8
Miscellaneous
 W - a fan of gales


   Skills:
 + Level 8.7 Fighting
 + Level 12.2 Short Blades
 + Level 2.1 Armour
 * Level 10.5 Dodging
 + Level 16.4 Stealth
 + Level 5.6 Shields
 + Level 10.2 Spellcasting
 * Level 20.8 Hexes
 - Level 2.0 Necromancy
 - Level 9.0 Ice Magic
 - Level 5.1 Invocations
 + Level 5.6 Evocations


You had 4 spell levels left.
You knew the following spells:

 Your Spells              Type           Power        Failure   Level  Hunger
a - Corona                Hex            #######      0%          1    None
b - Ensorcelled Hibernat  Hex/Ice        ######       1%          2    None
c - Confuse               Hex            #######.     0%          3    None
d - Tukima's Dance        Hex            #######.     0%          3    None
e - Dazzling Spray        Conj/Hex       ######..     1%          3    None
f - Ozocubu's Armour      Chrm/Ice       ####....     4%          3    None
g - Regeneration          Chrm/Necr      ###.......   14%         3    None
h - Invisibility          Hex            #######.     1%          6    ######.
i - Darkness              Hex            #######...   1%          7    #######


Dungeon Overview and Level Annotations

Branches:
Dungeon (15/15)            Temple (1/1) D:6            Lair (8/8) D:10
  Swamp (2/4) Lair:3        Snake (0/4) Lair:5        Slime (0/6) Lair:6
    Orc (4/4) D:10            Elf (3/3) Orc:3        Vaults (0/5) D:13
 Depths (1/5) D:15

Altars:
Cheibriados
Dithmenos
Elyvilon
Fedhas
Gozag
Kikubaaqudgha
Makhleb
Okawaru
Qazlal
Ru
Sif Muna
Trog
Vehumet
Xom
Yredelemnul
Zin
The Shining One
Beogh
Jiyva

Shops:
D:4 ?   D:8 [   D:15 %   Orc:2 (   Orc:4 %}[(

Annotations:
Elf:2 5 runed doors


Innate Abilities, Weirdness & Mutations

You heal slowly.
You have razor-sharp teeth.
You have supernaturally acute eyesight.
You can survive without breathing.
You are surrounded by a mild repulsion field (EV +2).
You have an increased reservoir of magic (+10% MP).
You are somewhat resistant to further mutation.


Message History

You feel much better.
Thorny briars emerge from the ground!
You hit the thorn hunter but do no damage.
The thorn hunter is severely damaged.
You hit the thorn hunter. You burn the thorn hunter.
The thorn hunter is severely damaged.
The thorn hunter hits you!!
* * * LOW HITPOINT WARNING * * *
You block the thorn hunter's attack.
You hit the thorn hunter but do no damage.
The thorn hunter is severely damaged.
You hit the thorn hunter but do no damage.
The thorn hunter is severely damaged.
Wield which item (- for none, * to show all)? (? for menu, Esc to quit)
Your +7 quick blade of flaming stops flaming.
U - a +4 rod of the swarm (10/10) (weapon)
You block the thorn hunter's attack. The thorn hunter hits you!
* * * LOW HITPOINT WARNING * * *
The thorn hunter fires a volley of thorns at you.
The volley of thorns hits you!
You die...

.##..#....≈....≈≈...♣
J...(...≈..≈≈≈.≈♣♣♣≈
#...#...≈≈≈.≈≈.♣♣ ♣.
#...#P.≈..≈...≈♣ ♣.
#...#P...≈...≈♣♣ ♣♣
...#...§/♣.♣♣♣ ♣
.######.#....§≈♣♣
......f...♣≈≈.♣♣
.....s.@?♣♣♣≈≈.♣
.≈..≈.a≈..♣..≈§♣
..≈≈.≈...♣.≈P.♣♣
.....≈..♣♣♣.♣♣♣
≈.♣....≈. ..P♣
......≈.P...♣♣
...§≈♣.≈P..♣
♣♣.§♣♣.....


You could see a thorn hunter, a slime creature (sleeping), a friendly spider and
a friendly worker ant.

Vanquished Creatures
  Asterion (Elf:1)
  Kirke (Elf:1)
  Donald (Elf:1)
  Maud (Lair:7)
  Azrael (Elf:1)
  3 deep elf death magi
  A minotaur (Lab)
  2 fire dragons
  An ice dragon (D:15)
  A catoblepas (D:13)
  15 hydras
  3 dancing weapons (Elf:2)
  A tengu warrior (D:14)
  13 death yaks
  2 centaur warriors
  The ghost of Viceroy the Blocker, an experienced FoFi of Ru (Lair:2)
  6 spriggans
  5 orc high priests
  Sonja (Lair:3)
  Nergalle (D:10)
  2 unseen horrors
  A fire crab (shapeshifter) (Elf:2)
  13 deep elf knights
  3 skeletal warriors
  7 deep elf summoners
  A hill giant (D:14)
  3 large abominations (Elf:1)
  2 deep trolls (Depths:1)
  2 necromancers (Elf:1)
  2 hornets (Swamp:1)
  An orc knight (Orc:2)
  A swamp dragon (Swamp:1)
  4 deep elf conjurers
  2 cyclopes
  2 oklob plants (Lair:2)
  A manticore (D:11)
  2 orc sorcerers
  17 black mambas
  2 griffons
  A salamander (shapeshifter) (D:15)
  An ugly thing (D:11)
  A water nymph (shapeshifter) (Elf:2)
  18 elephants
  19 spiny frogs
  A torpor snail (Lair:5)
  5 fire drakes (Lair:8)
  A kobold demonologist (D:13)
  17 komodo dragons
  6 deep elf priests
  5 trolls
  2 guardian mummies (D:15)
  A polar bear (Lair:8)
  2 giant leeches
  A minotaur zombie (Lab)
  A queen bee (D:12)
  A boulder beetle (Lair:8)
  4 ravens (D:14)
  17 deep elf magi
  A wolf spider simulacrum (D:15)
  8 blink frogs (Lair:8)
  8 slime creatures
  A shadow (D:14)
  3 steam dragons
  2 basilisks
  4 hogs (Elf:1)
  6 wyverns
  A trapdoor spider (D:9)
  3 mottled dragons
  2 fire elementals (Elf:1)
  3 hungry ghosts
  54 yaks
  13 hippogriffs
  25 wolves
  4 insubstantial wisps (Swamp:1)
  24 deep elf fighters
  8 porcupines
  2 wargs (Orc:2)
  13 swamp worms
  13 water moccasins
  A soldier ant (D:13)
  7 vampire mosquitoes
  19 orc warriors
  A hornet simulacrum (D:13)
  2 sky beasts
  2 hell hounds (Elf:1)
  3 swamp drakes
  A black bear (shapeshifter) (Elf:1)
  A black bear (D:8)
  A necrophage (D:11)
  2 phantoms
  6 wasps
  12 centaurs
  5 ice beasts
  12 ogres
  15 crocodiles
  6 big kobolds
  4 elf zombies
  Blork the orc (D:6)
  22 giant frogs
  A wyvern zombie (D:14)
  A wyvern skeleton (D:13)
  2 scorpions
  26 killer bees
  8 wights
  4 giant frog zombies
  3 centaur zombies
  11 electric eels
  A gnoll shaman (D:5)
  34 orc priests
  9 crimson imps
  3 jellies
  2 giant frog skeletons
  2 human zombies (Ossuary)
  9 hounds
  7 centaur skeletons
  31 orc wizards
  Natasha (thrice) (D:3)
  13 iguanas
  13 worker ants
  17 sheep
  2 big kobold zombies (Ossuary)
  3 mummies (Ossuary)
  2 worker ant zombies (D:9)
  59 river rats
  9 adders
  6 gnolls (D:5)
  2 shadow imps
  A white imp (D:12)
  An ooze (D:2)
  5 adder zombies (Ossuary)
  A worm (D:2)
  11 giant geckos
  148 orcs
  5 bat skeletons
  2 bat zombies (D:4)
  3 gnoll zombies (Ossuary)
  11 goblins
  14 hobgoblins
  3 jackals (D:10)
  2 quokkas
  4 ball pythons
  19 bats
  4 giant cockroaches
  6 giant newts (Sewer)
  A giant spore (D:8)
  3 goblin zombies
  6 hobgoblin zombies (Ossuary)
  A jackal skeleton (D:4)
  2 jackal zombies
  32 kobolds
  3 kobold zombies (Ossuary)
  3 orc zombies (Ossuary)
  6 quokka zombies
  33 rats
  2 rat zombies
  2 ballistomycetes (D:8)
1171 creatures vanquished.

Vanquished Creatures (collateral kills)
  Harold (Lair:2)
  An ogre mage (D:13)
  A skeletal warrior (D:15)
  3 hill giants
  2 oklob plants (Lair:2)
  2 elephants (Lair:7)
  A spiny frog (Lair:4)
  A komodo dragon (Lair:4)
  3 two-headed ogres (D:13)
  Grum (D:10)
  A crocodile (Lair:4)
  3 ogres
  A wyvern skeleton (D:13)
  2 wights
  A killer bee (D:12)
24 creatures vanquished.

Vanquished Creatures (others)
  A dancing weapon (Lair:7)
  2 vampire mosquitoes (Lair:8)
  A hell hound (Elf:1)
  2 spiders (Lair:4)
  A wasp (Lair:8)
  A scorpion (D:13)
  5 killer bees
  An orc wizard (Orc:4)
  3 orc priests (Orc:4)
  A worker ant (Lair:4)
  A worm (D:13)
  A kobold (D:10)
  2 butterflies (Lair:4)
  2 fungi
  4 plants
28 creatures vanquished.

Grand Total: 1223 creatures vanquished

Notes
Turn   | Place    | Note
--------------------------------------------------------------
     0 | D:1      | inmateoo, the Vampire Enchanter, began the quest for the Orb.
     0 | D:1      | Reached XP level 1. HP: 13/13 MP: 3/3
   678 | D:1      | Reached XP level 2. HP: 14/19 MP: 5/5
   682 | D:1      | Learned a level 2 spell: Ensorcelled Hibernation
  1247 | D:2      | Reached skill level 5 in Stealth
  1253 | D:2      | Reached skill level 5 in Hexes
  1299 | D:2      | Reached XP level 3. HP: 24/24 MP: 6/6
  1862 | D:3      | Noticed Natasha
  1868 | D:3      | Killed Natasha
  1868 | D:3      | Reached skill level 1 in Ice Magic
  1868 | D:3      | Reached XP level 4. HP: 30/30 MP: 2/7
  2135 | D:3      | Noticed Natasha
  2140 | D:3      | Killed Natasha
  2246 | D:4      | Noticed an ogre
  2268 | D:3      | Noticed Natasha
  2298 | D:3      | Killed Natasha
  2397 | D:4      | Found Diemm's Magic Scroll Boutique.
  2409 | D:4      | Reached skill level 6 in Hexes
  2409 | D:4      | Reached XP level 5. HP: 26/35 MP: 8/8
  2412 | D:4      | Bought a scroll of identify for 24 gold pieces
  2417 | D:4      | Bought a scroll of identify for 24 gold pieces
  2417 | D:4      | Bought a scroll of remove curse for 36 gold pieces
  2497 | D:4      | Found an ancient bone altar of Kikubaaqudgha.
  2695 | D:4      | Killed an ogre
  2695 | D:4      | Reached XP level 6. HP: 35/41 MP: 6/10
  2698 | D:4      | Reached skill level 7 in Hexes
  2707 | D:4      | Learned a level 3 spell: Confuse
  2711 | D:4      | Learned a level 3 spell: Tukima's Dance
  3259 | D:5      | Entered Level 5 of the Dungeon
  3381 | D:5      | Found a glowing drain.
  3385 | Sewer    | Entered a sewer
  3432 | Sewer    | Reached XP level 7. HP: 23/46 MP: 11/11
  3753 | D:5      | Found a sacrificial altar of Ru.
  3779 | D:5      | Found a sand-covered staircase.
  3786 | Ossuary  | Entered an ossuary
  3945 | Ossuary  | Reached skill level 8 in Hexes
  4389 | D:5      | Reached XP level 8. HP: 30/52 MP: 10/13
  4711 | D:5      | Reached skill level 9 in Hexes
  5055 | D:6      | Noticed Blork the orc
  5065 | D:6      | Killed Blork the orc
  5133 | D:6      | Reached skill level 5 in Dodging
  5500 | D:6      | Reached skill level 10 in Hexes
  5646 | D:6      | Found a staircase to the Ecumenical Temple.
  5780 | Temple   | Entered the Ecumenical Temple
  6291 | D:7      | Reached XP level 9. HP: 57/57 MP: 15/15
  6545 | D:8      | Found Atwig's Armour Boutique.
  6666 | D:8      | Found a bloodstained altar of Trog.
  6669 | D:8      | Found an opulent altar of Gozag.
  6676 | D:8      | Found a glowing silver altar of Zin.
  6792 | D:8      | Reached skill level 5 in Short Blades
  7198 | D:8      | Reached skill level 11 in Hexes
  7557 | D:8      | Reached skill level 5 in Spellcasting
  7916 | D:9      | Reached skill level 5 in Ice Magic
  8125 | D:9      | Reached skill level 12 in Hexes
  8125 | D:9      | Reached XP level 10. HP: 63/63 MP: 17/17
  8524 | D:9      | Reached skill level 1 in Fighting
  8585 | D:10     | Entered Level 10 of the Dungeon
  8586 | D:10     | Identified a scroll of acquirement
  8624 | D:10     | Reached skill level 10 in Stealth
  8720 | D:10     | Found a staircase to the Lair.
  8987 | D:10     | Noticed a hill giant
  8994 | D:10     | Killed a hill giant
  8994 | D:10     | Reached skill level 13 in Hexes
  9040 | D:10     | Found a staircase to the Orcish Mines.
  9059 | D:10     | Noticed Nergalle
  9069 | D:10     | Killed Nergalle
  9101 | D:10     | Noticed an unseen horror
  9119 | D:10     | Killed an unseen horror
  9119 | D:10     | Reached XP level 11. HP: 74/74 MP: 13/20
  9282 | D:10     | Noticed Grum
  9287 | D:10     | Killed Grum
  9507 | D:11     | Noticed an unseen horror
  9543 | D:11     | Killed an unseen horror
  9611 | D:11     | Reached skill level 14 in Hexes
  9911 | D:11     | Learned a level 3 spell: Dazzling Spray
 10010 | D:12     | Noticed a hill giant
 10038 | D:12     | Killed a hill giant
 10068 | D:12     | Found a labyrinth entrance.
 10079 | Lab      | Entered a labyrinth
 10170 | Lab      | Noticed a minotaur
 10185 | Lab      | Killed a minotaur
 10206 | Lab      | Identified a +4 rod of the swarm (10/10) (You found it in a labyrinth)
 10809 | D:12     | Noticed a hill giant
 10813 | D:12     | Killed a hill giant
 10813 | D:12     | Reached skill level 1 in Evocations
 11095 | D:12     | Reached XP level 12. HP: 83/83 MP: 6/22
 11487 | D:13     | Noticed a five-headed hydra
 11495 | D:13     | Killed a five-headed hydra
 11609 | D:13     | Reached skill level 15 in Hexes
 11632 | D:13     | Learned a level 3 spell: Ozocubu's Armour
 11721 | D:13     | Noticed a catoblepas
 11769 | D:13     | Killed a catoblepas
 11862 | D:13     | Noticed a centaur warrior
 11866 | D:13     | Killed a centaur warrior
 11883 | D:13     | Found a gate to the Vaults.
 12113 | D:13     | Noticed an ogre mage
 12125 | D:13     | Killed an ogre mage
 12930 | Lair:1   | Entered Level 1 of the Lair of Beasts
 12930 | Lair:1   | Noticed an eight-headed hydra
 12939 | Lair:1   | Killed an eight-headed hydra
 13316 | Lair:1   | Noticed an eight-headed hydra
 13325 | Lair:1   | Killed an eight-headed hydra
 13325 | Lair:1   | Reached skill level 16 in Hexes
 13351 | Lair:1   | Noticed a seven-headed hydra
 13358 | Lair:1   | Killed a seven-headed hydra
 13375 | Lair:1   | Noticed a five-headed hydra
 13382 | Lair:1   | Killed a five-headed hydra
 13382 | Lair:1   | Reached skill level 5 in Fighting
 13828 | Temple   | Became a worshipper of Warmaster Okawaru
 14101 | Lair:1   | Reached XP level 13. HP: 91/91 MP: 24/24
 14368 | Lair:2   | Noticed Harold
 14388 | Lair:2   | Killed Harold
 14409 | Lair:2   | Learned a level 3 spell: Regeneration
 14484 | Lair:2   | Acquired Okawaru's first power
 14705 | Lair:2   | Noticed Viceroy's ghost (experienced FoFi)
 14727 | Lair:2   | Killed Viceroy's ghost
 16173 | Lair:3   | Noticed Sonja
 16186 | Lair:3   | Killed Sonja
 16963 | Lair:3   | Found a staircase to the Swamp.
 17192 | Lair:4   | Reached skill level 17 in Hexes
 18539 | Lair:5   | Found a staircase to the Snake Pit.
 18553 | Lair:5   | Acquired Okawaru's second power
 18553 | Lair:5   | Reached XP level 14. HP: 100/100 MP: 26/26
 18556 | Lair:5   | Reached skill level 10 in Dodging
 18655 | Lair:5   | Gained mutation: You have an increased reservoir of magic (+10% MP). [potion of mutation]
 18655 | Lair:5   | Gained mutation: You are surrounded by a mild repulsion field (EV +2). [potion of mutation]
 18655 | Lair:5   | Gained mutation: You are somewhat resistant to further mutation. [potion of mutation]
 19514 | Lair:6   | Reached skill level 10 in Short Blades
 19728 | Lair:6   | Reached skill level 5 in Evocations
 19777 | Lair:6   | Received a gift from Okawaru
 19780 | Lair:6   | Got a brightly glowing rapier {god gift}
 19781 | Lair:6   | Identified the +10 rapier "Kixypp" {pain, MR+ Str+4 Dex-2} (Okawaru gifted it to you on level 6 of the Lair of Beasts)
 19916 | Lair:6   | Found a viscous altar of Jiyva.
 19916 | Lair:6   | Found a staircase to the Slime Pits.
 20008 | Lair:7   | Reached skill level 1 in Shields
 20519 | Lair:7   | Noticed Maud
 20578 | Lair:7   | Reached skill level 1 in Necromancy
 20620 | Lair:7   | Reached skill level 1 in Invocations
 20760 | Lair:8   | Entered Level 8 of the Lair of Beasts
 20861 | Lair:7   | Killed Maud
 21148 | Lair:8   | Received a gift from Okawaru
 21200 | Lair:8   | Reached skill level 18 in Hexes
 22484 | Lair:8   | Reached XP level 15. HP: 98/108 MP: 26/31
 22672 | Lair:8   | Received a gift from Okawaru
 23373 | D:14     | Noticed an eight-headed hydra
 23375 | D:14     | Killed an eight-headed hydra
 23513 | D:14     | Found a glowing golden altar of the Shining One.
 23782 | D:14     | Reached skill level 15 in Stealth
 24261 | D:15     | Entered Level 15 of the Dungeon
 24284 | D:15     | Reached skill level 19 in Hexes
 24319 | D:15     | Found Aguroim's Food Emporium.
 24644 | D:15     | Found a staircase to the Depths.
 24785 | D:15     | Found a portal to a secret trove of treasure.
 24829 | Trove    | Entered a treasure trove
 25068 | Trove    | Identified Sif Muna's Grimoire of the Oath
 25076 | Trove    | Learned a level 6 spell: Invisibility
 25084 | Trove    | Learned a level 7 spell: Darkness
 25086 | Trove    | Identified Sif Muna's Almanac of the Ghastly Glacier
 25089 | Trove    | Identified Iskenderun's Volume of Torrid Attacks
 25092 | Trove    | Identified Easy Thaumaturgy
 25099 | Trove    | Identified Sif Muna's Handbook of Curses
 25117 | Trove    | Identified the Collected Works on Spatial Companions
 25123 | Trove    | Identified the Disquisition on Excruciating Lightness (You found it in a treasure trove)
 25317 | Depths:1 | Entered Level 1 of the Depths
 25511 | Orc:1    | Entered Level 1 of the Orcish Mines
 25815 | Orc:2    | Found Wueppes's Weapon Boutique.
 26654 | Orc:3    | Found a staircase to the Elven Halls.
 27405 | Orc:4    | Entered Level 4 of the Orcish Mines
 27435 | Orc:4    | Found a roughly hewn altar of Beogh.
 27535 | Orc:4    | Found Rewutew's Antique Weapon Shop.
 27938 | Orc:4    | Found Jiraguxt's Gadget Boutique.
 27942 | Orc:4    | Found Ycicec's Food Boutique.
 27944 | Orc:4    | Found Ukhaatoa's Antique Armour Shop.
 28008 | Orc:4    | Bought a shimmering cloak for 228 gold pieces
 28018 | Orc:4    | Identified the +2 cloak of Lies {rElec rF+++ rC-} (You bought it in a shop on level 4 of the Orcish Mines)
 28673 | Elf:1    | Entered Level 1 of the Elven Halls
 28730 | Elf:1    | Noticed Azrael
 28748 | Elf:1    | Killed Azrael
 28757 | Elf:1    | Reached skill level 5 in Shields
 28808 | Elf:1    | Noticed Asterion
 28811 | Elf:1    | Killed Asterion
 28901 | Elf:1    | Reached XP level 16. HP: 117/117 MP: 27/32
 28929 | Elf:1    | Identified Cigotuvi's Catalogue of Darkness
 29160 | Elf:1    | Reached skill level 5 in Invocations
 29192 | Elf:1    | Reached skill level 10 in Spellcasting
 29330 | Elf:1    | Noticed Donald
 29340 | Elf:1    | Received a gift from Okawaru
 29348 | Elf:1    | Killed Donald
 29441 | Elf:1    | Noticed Kirke
 29461 | Elf:1    | Reached skill level 20 in Hexes
 29481 | Elf:1    | Killed Kirke
 29891 | Elf:2    | Reached skill level 1 in Armour
 29979 | Elf:2    | Identified the Compendium of Malediction
 30160 | Elf:2    | Found a huge runed gate.
 30160 | Elf:2    | Found a huge runed gate.
 30162 | Elf:2    | Found a huge runed gate.
 30163 | Elf:2    | Found a huge runed gate.
 30164 | Elf:2    | Found a huge runed gate.
 30434 | Elf:3    | Entered Level 3 of the Elven Halls
 31635 | Swamp:1  | Entered Level 1 of the Swamp
 31803 | Swamp:1  | Received a gift from Okawaru
 32722 | Swamp:2  | Killed from afar by a thorn hunter

Action                   |  1- 3 |  4- 6 |  7- 9 | 10-12 | 13-15 | 16-18 || total
-------------------------+-------+-------+-------+-------+-------+-------++-------
Melee: Dagger            |   104 |   190 |   593 |   522 |  1051 |       ||  2460
       Quick blade       |       |       |       |       |   557 |   444 ||  1001
       Rapier            |       |       |       |       |    23 |       ||    23
 Cast: Ensorcelled Hiber |     5 |    28 |    41 |    84 |   235 |    17 ||   410
       Confuse           |       |     1 |    17 |    36 |    95 |     9 ||   158
       Tukima's Dance    |       |       |     1 |    14 |    11 |       ||    26
       Dazzling Spray    |       |       |       |     2 |    26 |    26 ||    54
       Ozocubu's Armour  |       |       |       |     3 |     5 |     3 ||    11
       Regeneration      |       |       |       |       |     5 |       ||     5
       Invisibility      |       |       |       |       |     6 |    10 ||    16
       Darkness          |       |       |       |       |     3 |       ||     3
Invok: Heroism           |       |       |       |       |     2 |       ||     2
 Abil: End Transformatio |       |       |       |       |     1 |       ||     1
       Bat Form          |       |       |       |       |     1 |       ||     1
Evoke: Wand              |       |       |     4 |       |       |       ||     4
       Rod               |       |       |       |     2 |    16 |     1 ||    19
       Fan of gales      |       |       |       |       |     1 |       ||     1
  Use: Potion            |       |     2 |     2 |     2 |     8 |     3 ||    17
       Scroll            |       |    10 |    15 |    11 |    19 |     4 ||    59
 Stab: Sleeping          |    12 |    22 |    46 |    97 |   227 |    46 ||   450
       Confused          |       |       |    11 |    26 |    56 |     2 ||    95
       Distracted        |       |       |     3 |     2 |     3 |       ||     8
       Invisible         |       |       |       |     3 |    54 |    44 ||   101
  Eat: Corpse            |       |     2 |    19 |     3 |     6 |     1 ||    31
